 Dungeon Crawl Stone Soup version 0.32-a0-560-g4c7f4391e0 (webtiles) character file.

Game seed: 6791561169988086359

108 BeKind the Poker (level 4, -4/41 HPs)
             Began as a Minotaur Berserker on Feb 29, 2024.
             Was a Believer of Trog.
             Incinerated by a bombardier beetle (6 damage)
             ... with a burning spray
             ... on level 3 of the Dungeon.
             The game lasted 00:02:14 (1622 turns).

BeKind the Poker (Minotaur Berserker)               Turns: 1622, Time: 00:02:15

Health: -4/41      AC: 13    Str: 26    XL:     4   Next: 58%
Magic:  3/3        EV: 10    Int:  4    God:    Trog [**....]
Gold:   125        SH:  0    Dex: 13    Spells: 3/3 levels left

rFire   . . .        a - +0 spear
rCold   . . .        (no shield)
rNeg    . . .        n - +4 chain mail "Raygg" {*Slow Str+3 Dex+3}
rPois   .            (helmet restricted)
rElec   .            (no cloak)
rCorr   .            (no gloves)
SInv    .            (no boots)
Will    .....        (no amulet) Stlth
                     (no ring)
HPRegen 0.26/turn    (no ring)
MPRegen 0.08/turn

%: slow self (1%)
@: on fire, on berserk cooldown, slowed, glowing, very slow
A: horns 2, retaliatory headbutt
a: Renounce Religion, Berserk, Trog's Hand


You were on level 3 of the Dungeon.
You worshipped Trog.
Trog was pleased with you.
You visited 1 branch of the dungeon, and saw 3 of its levels.

You collected 125 gold pieces.

Inventory:

Hand Weapons
 a - a +0 spear (weapon)
Armour
 b - a +0 animal skin
 n - the +4 chain mail "Raygg" (worn) {*Slow Str+3 Dex+3}
   (You found it on level 3 of the Dungeon)

   Str+3:     It affects your strength (+3).
   Dex+3:     It affects your dexterity (+3).
   *Slow:     It may slow you when you take damage.
Scrolls
 d - a scroll of fear {unknown}
 e - a scroll of vulnerability {unknown}
 f - a scroll of amnesia {unknown}
 g - 3 scrolls of teleportation {unknown}
 i - a scroll of enchant weapon {unknown}
 l - a scroll of enchant armour {unknown}
 m - a scroll of identify {unknown}
Potions
 c - a potion of mutation {unknown}
 h - 2 potions of attraction {unknown}
 j - a potion of ambrosia {unknown}
 k - a potion of brilliance {unknown}


   Skills:
 + Level 4.5 Fighting
 + Level 4.5 Polearms
 + Level 3.5 Armour
 + Level 3.3 Dodging


You had 3 spell levels left.
You didn't know any spells.
Your spell library was empty.

Dungeon Overview and Level Annotations

Branches:
Dungeon (3/15)

Altars:
Cheibriados


Innate Abilities, Weirdness & Mutations

You have a pair of horns on your head.
You reflexively headbutt those who attack you in melee.


Message History

The bombardier beetle bites you.
You barely miss the bombardier beetle.
The bombardier beetle is severely wounded.
The liquid fire burns you!
You hit the bombardier beetle.
The bombardier beetle is severely wounded.
The liquid fire burns you!
The bombardier beetle closely misses you.
You are too injured to fight recklessly!
You are too injured to fight recklessly!
A red film seems to cover your vision as you go berserk!
You feel yourself moving faster!
You feel mighty! The liquid fire burns you! The bombardier beetle bites you.
You puncture the bombardier beetle!
You kill the bombardier beetle!
Trog accepts your kill. The liquid fire burns you!
You are on fire!
You are on fire!
You are on fire!
You are on fire!
You are on fire!
The liquid fire burns you!
* * * LOW HITPOINT WARNING * * *
You feel a strong urge to attack something.
The liquid fire burns you!
* * * LOW HITPOINT WARNING * * *
The liquid fire burns you!
* * * LOW HITPOINT WARNING * * *
You feel your anger nearly subside. The liquid fire burns you!
* * * LOW HITPOINT WARNING * * *
You are no longer berserk.
You are exhausted.
You feel yourself slow down. The liquid fire burns you!
* * * LOW HITPOINT WARNING * * *
The liquid fire burns you!
You die...

#.# #.# #.# #.# #.# .
############ #.# ...
...........# #.#
.....########....###.###
......†@................
#####.#.....#....###.###
# #.#####...........
.... ........##....
###.# ####....##.... #.#
####.###... #.# .# #...
#.# .# #... ####


There were no monsters in sight!

Vanquished Creatures
  A bombardier beetle (D:3)
  2 adders
  2 dart slugs (D:2)
  A ribbon worm (D:2)
  6 ball pythons
  7 endoplasms
  A giant cockroach (D:1)
  6 goblins
  7 hobgoblins
  3 quokkas (D:2)
  3 bats (D:2)
  3 frilled lizards
  4 kobolds (D:1)
  4 rats
50 creatures vanquished.

Notes
Turn   | Place    | Note
-------+----------+-------------------------------------------
     0 | D:1      | BeKind the Minotaur Berserker began the quest for the Orb.
     0 | D:1      | Reached XP level 1. HP: 19/19 MP: 0/0
   165 | D:1      | Reached XP level 2. HP: 27/27 MP: 1/1
   619 | D:2      | Reached XP level 3. HP: 15/33 MP: 2/2
   819 | D:2      | Found a snail-covered altar of Cheibriados.
   899 | D:2      | Reached ** piety under Trog
   906 | D:2      | Found a faded altar of an unknown god.
  1503 | D:3      | Reached XP level 4. HP: 32/41 MP: 3/3
  1597 | D:3      | Identified the +4 chain mail "Raygg" {*Slow Str+3 Dex+3}
  1621 | D:3      | HP: 1/41 [burnt (5)]
  1622 | D:3      | Incinerated by a bombardier beetle

Illustrated notes

Levels and vault maps discovered:
D:1:      scummos_arrival_simple_fountains, layout_rooms, minmay_pentomino_v2
D:2:      layout_loops_ring, basic_altar, basic_ecumenical_altar
D:3:      layout_basic, uniq_sigmund, uniq_crazy_yiuf_cottage

Skill      XL: |  1  2  3 |
---------------+----------+-----
Polearms       | 4 |  4.5
Fighting       | 4 |  4.5
Armour         | 3 |  3.5
Dodging        | 3 |  3.3

Action                     |  1- 3 |  4- 6 || total
---------------------------+-------+-------++-------
  Melee: Spear             |   110 |    16 ||   126
         Headbutt          |    10 |     3 ||    13
 Invoke: Berserk           |     2 |     1 ||     3
 Armour: Animal skin       |    27 |     4 ||    31
         Chain mail        |       |     2 ||     2
  Dodge: Dodged            |    48 |     4 ||    52

Table legend: (Time is in decaauts)
 A = Elapsed time spent in this place.
 B = Non-inter-level travel time spent in this place.
 C = Inter-level travel time spent in this place.
 D = Time resting spent in this place.
 E = Time spent auto-exploring this place.
 F = Levels seen in this place.
 G = Mean time per level.
                   A        B        C        D        E       F      G
               +--------+--------+--------+--------+--------+-----+--------+
         Total |   1631 |   1588 |     43 |     93 |   1232 |   3 |  543.7 |
       Dungeon |   1631 |   1588 |     43 |     93 |   1232 |   3 |  543.7 |
               +--------+--------+--------+--------+--------+-----+--------+

Top non-repeatable levels by time:
     D:2: 777 daAuts
     D:1: 558 daAuts
     D:3: 296 daAuts
